 Dungeon Crawl Stone Soup version 0.31-a0-177-g4aa6249778 (webtiles) character file.

Game seed: 3456742490208530108

355 qw the Shooter (level 6, -4/57 HPs)
             Began as a Naga Hunter on June 18, 2023.
             Slain by an orc priest
             ... wielding a +0 war axe
              (6 damage)
             ... on level 6 of the Dungeon.
             The game lasted 00:01:00 (2951 turns).

qw the Shooter (Naga Hunter)                        Turns: 2951, Time: 00:01:01

Health: -4/57      AC:  3    Str: 14    XL:     6   Next: 63%
Magic:  6/6        EV:  9    Int:  9    God:
Gold:   52         SH:  0    Dex: 16    Spells: 5/5 levels left

rFire   . . .        Y - +0 orcbow
rCold   . . .        (shield currently unavailable)
rNeg    + . .        c - +0 leather armour
rPois   +            (no helmet)
rElec   .            (no cloak)
rCorr   .            (no gloves)
SInv    +            (no barding)
Will    .....        (no amulet)
Stlth   ++           b - ring of positive energy
HPRegen 0.29/turn    (no ring)
MPRegen 0.10/turn

%: no passive effects
@: about to teleport, short of breath, very slow
A: AC +2, large, see invisible, deformed body, poison resistance, slowness 2,
spit poison 1, naga tail 1
a: Spit Poison


You were on level 6 of the Dungeon.
You visited 1 branch of the dungeon, and saw 6 of its levels.

You collected 87 gold pieces.
You spent 35 gold pieces at shops.


Innate Abilities, Weirdness & Mutations

Your serpentine skin is tough. (AC +2)
You have supernaturally acute eyesight. (SInv)
Armour fits poorly on your strangely shaped body.
Your system is resistant to poisons. (rPois)
You cover ground very slowly.
You can spit poison.
You have a snake-like lower body.


   Skills:
 - Level 4.1 Fighting
 + Level 6.1 Ranged Weapons
 - Level 1.5 Dodging
 - Level 1.5 Stealth


You had 5 spell levels left.
You didn't know any spells.
Your spell library was empty.

Inventory:

Hand Weapons
 Y - a +0 orcbow (weapon)
Armour
 c - a +0 leather armour (worn)
Jewellery
 b - a ring of positive energy (left hand)
Scrolls
 e - a scroll of fog {unknown}
Potions
 d - a potion of brilliance {unknown}
 f - a potion of cancellation
 g - a potion of berserk rage {unknown}
 h - a potion of attraction {unknown}
 i - a potion of mutation {unknown}
 j - a potion of ambrosia {unknown}
 k - a potion of curing {unknown}

Dungeon Overview and Level Annotations

Branches:
Dungeon (7/15)
 Temple: D:4-7

Altars:

Shops:
D:2 (

Annotations:
D:3 1 runed translucent door, Crazy Yiuf


Message History

The hound barks!
The arrow hits the orc but does no damage.
The orc is severely wounded.
You hear an angry hiss.
You hear a bellow!
The orc closely misses you.
The orc priest mumbles some strange prayers to Beogh against you.
Beogh smites you!
You shoot an arrow. The arrow hits the orc!
You kill the orc!
You shoot an arrow.
The arrow hits the orc priest but does no damage.
You shoot an arrow.
The arrow closely misses the orc priest.
The orc priest hits you with a +0 war axe!
A hound comes into view.
You shoot an arrow. The hound barks!
The arrow hits the orc priest but does no damage.
You have got your breath back.
The orc priest calls down the wrath of Beogh upon you.
Beogh smites you!
2948 ||| INVOKING Spit Poison.
Aiming: Spit Poison (1% risk of failure)
Press: ? - help, Shift-Dir - straight line, f/p - orc priest The splash of poison misses the orc priest.
An iguana comes into view.
The orc priest invokes the aid of Beogh against you.
Beogh smites you!
2949 ||| READING scroll of teleportation.
As you read the scroll of teleportation, it crumbles to dust.
You feel strangely unstable.
The orc priest hits you with a +0 war axe.
You shoot an arrow.
The arrow closely misses the orc priest.
The orc priest invokes the aid of Beogh against you.
You struggle to resist.
You shoot an arrow. The arrow hits the orc priest!
The orc priest is severely wounded.
The orc priest hits you with a +0 war axe.
You die...

.# #...
####.....
#)ohh.)# #@#
#.# #.# #.# #
##.# ##.####
###..# #.....#
#...##
#...#.###.####
#.#...|......#


You could see 2 hounds and an orc priest.

Vanquished Creatures
  An ogre (D:4)
  4 sleepcaps (D:3)
  4 gnolls (D:3)
  5 adders
  A white imp (D:3)
  2 worms
  3 dart slugs
  3 orcs (D:6)
  5 endoplasms
  2 giant cockroaches
  2 goblins (D:2)
  7 hobgoblins
  4 quokkas
  5 ball pythons
  11 bats
  8 kobolds
  5 rats
72 creatures vanquished.

Vanquished Creatures (others)
  A hobgoblin (D:2)
1 creature vanquished.

Grand Total: 73 creatures vanquished

Notes
Turn   | Place    | Note
-------+----------+-------------------------------------------
     0 | D:1      | qw the Naga Hunter began the quest for the Orb.
     0 | D:1      | Reached XP level 1. HP: 19/19 MP: 1/1
     0 | D:1      | 0 ||| qw: Version: 0.3-a-5-g6f28e65
     0 | D:1      | 0 ||| qw: Game counter: 680
     0 | D:1      | 0 ||| qw: Always use a shield: true
     0 | D:1      | 0 ||| qw: God list: Okawaru
     0 | D:1      | 0 ||| qw: Allow faded altars: false
     0 | D:1      | 0 ||| qw: Do Orc after D:15 true
     0 | D:1      | 0 ||| qw: Do second Lair branch before Depths: true
     0 | D:1      | 0 ||| qw: Lair rune preference: random
     0 | D:1      | 0 ||| qw: Plans: Normal
     0 | D:1      | 0 ||| PLANNING D:1-11
    56 | D:1      | 56 ||| INVOKING Spit Poison.
    96 | D:1      | 96 ||| INVOKING Spit Poison.
    99 | D:1      | 99 ||| INVOKING Spit Poison.
   100 | D:1      | Reached skill level 4 in Ranged Weapons
   100 | D:1      | Reached XP level 2. HP: 26/26 MP: 2/2
   157 | D:1      | 157 ||| INVOKING Spit Poison.
   163 | D:1      | 163 ||| INVOKING Spit Poison.
   215 | D:1      | 215 ||| INVOKING Spit Poison.
   218 | D:1      | 218 ||| INVOKING Spit Poison.
   260 | D:1      | 260 ||| INVOKING Spit Poison.
   298 | D:1      | 298 ||| INVOKING Spit Poison.
   412 | D:1      | 412 ||| INVOKING Spit Poison.
   560 | D:1      | 560 ||| INVOKING Spit Poison.
   561 | D:1      | 561 ||| INVOKING Spit Poison.
   565 | D:1      | Reached XP level 3. HP: 27/32 MP: 3/3
   807 | D:1      | 807 ||| READING scroll labelled ZUEMIKH GETSOI.
   810 | D:1      | 810 ||| DROPPING scroll of butterflies.
   818 | D:2      | 818 ||| INVOKING Spit Poison.
   822 | D:2      | 822 ||| INVOKING Spit Poison.
   833 | D:2      | 833 ||| INVOKING Spit Poison.
   847 | D:2      | 847 ||| INVOKING Spit Poison.
   870 | D:2      | Found a faded altar of an unknown god.
   895 | D:2      | 895 ||| INVOKING Spit Poison.
   899 | D:2      | 899 ||| INVOKING Spit Poison.
   945 | D:2      | 945 ||| INVOKING Spit Poison.
   959 | D:2      | 959 ||| INVOKING Spit Poison.
  1009 | D:2      | 1009 ||| INVOKING Spit Poison.
  1020 | D:2      | 1020 ||| INVOKING Spit Poison.
  1046 | D:2      | 1046 ||| INVOKING Spit Poison.
  1156 | D:2      | 1156 ||| INVOKING Spit Poison.
  1162 | D:2      | 1162 ||| INVOKING Spit Poison.
  1169 | D:2      | 1169 ||| INVOKING Spit Poison.
  1261 | D:2      | 1261 ||| INVOKING Spit Poison.
  1266 | D:2      | 1266 ||| INVOKING Spit Poison.
  1297 | D:2      | Found Cyppeim's Weapon Shop.
  1303 | D:2      | 1303 ||| BUYING +0 orcbow (35 gold).
  1303 | D:2      | Bought a +0 orcbow for 35 gold pieces
  1303 | D:2      | 1303 ||| SWAPPING to +0 orcbow.
  1304 | D:2      | 1304 ||| DROPPING +0 shortbow.
  1361 | D:2      | 1361 ||| READING scroll labelled ITOBIO FAHUOS.
  1362 | D:2      | 1362 ||| READING 3 scrolls labelled GIR JEOPUL.
  1363 | D:2      | 1363 ||| READING scroll labelled RIDWES TEXI.
  1364 | D:2      | 1364 ||| DROPPING 2 scrolls of fear.
  1394 | D:3      | Reached skill level 5 in Ranged Weapons
  1394 | D:3      | Reached XP level 4. HP: 39/39 MP: 4/4
  1416 | D:3      | 1416 ||| INVOKING Spit Poison.
  1543 | D:3      | 1543 ||| INVOKING Spit Poison.
  1549 | D:3      | 1549 ||| INVOKING Spit Poison.
  1582 | D:3      | 1582 ||| INVOKING Spit Poison.
  1588 | D:3      | 1588 ||| INVOKING Spit Poison.
  1639 | D:3      | 1639 ||| INVOKING Spit Poison.
  1757 | D:3      | 1757 ||| INVOKING Spit Poison.
  1762 | D:3      | 1762 ||| INVOKING Spit Poison.
  1763 | D:3      | Reached XP level 5. HP: 43/48 MP: 5/5
  1783 | D:3      | 1783 ||| INVOKING Spit Poison.
  1784 | D:3      | 1784 ||| INVOKING Spit Poison.
  1794 | D:3      | 1794 ||| INVOKING Spit Poison.
  1797 | D:3      | Reached skill level 3 in Fighting
  1821 | D:3      | 1821 ||| INVOKING Spit Poison.
  1829 | D:3      | 1829 ||| INVOKING Spit Poison.
  1832 | D:3      | 1832 ||| INVOKING Spit Poison.
  1838 | D:3      | 1838 ||| INVOKING Spit Poison.
  1842 | D:3      | 1842 ||| INVOKING Spit Poison.
  1842 | D:3      | HP: 11/49 [gnoll/+0 flail (9)]
  1843 | D:3      | 1843 ||| READING scroll of teleportation.
  1846 | D:3      | HP: 5/49 [quokka (1)]
  1847 | D:3      | 1847 ||| INVOKING Spit Poison.
  1853 | D:3      | 1853 ||| INVOKING Spit Poison.
  1854 | D:3      | HP: 7/49 [kobold/+0 short sword (1)]
  1859 | D:3      | 1859 ||| INVOKING Spit Poison.
  1859 | D:3      | HP: 3/49 [kobold/+0 short sword (2)]
  1863 | D:3      | 1863 ||| INVOKING Spit Poison.
  1863 | D:3      | HP: 1/49 [quokka (2)]
  1929 | D:3      | 1929 ||| INVOKING Spit Poison.
  2247 | D:3      | 2247 ||| INVOKING Spit Poison.
  2303 | D:3      | Found a runed translucent door.
  2304 | D:3      | Noticed Crazy Yiuf
  2394 | D:3      | Reached skill level 6 in Ranged Weapons
  2394 | D:3      | Reached XP level 6. HP: 18/56 MP: 6/6
  2395 | D:3      | HP: 10/56 [sleepcap (8)]
  2628 | D:3      | 2628 ||| UPGRADING to ring of positive energy.
  2629 | D:3      | 2629 ||| READING scroll labelled WAOTTU HIMUST.
  2630 | D:3      | 2630 ||| READING scroll labelled KAOWIO XOUQOG.
  2731 | D:3      | 2731 ||| DRINKING 2 sedimented cyan potions.
  2755 | D:4      | 2755 ||| INVOKING Spit Poison.
  2761 | D:4      | 2761 ||| INVOKING Spit Poison.
  2766 | D:4      | 2766 ||| INVOKING Spit Poison.
  2772 | D:4      | 2772 ||| INVOKING Spit Poison.
  2777 | D:4      | 2777 ||| INVOKING Spit Poison.
  2889 | D:4      | 2889 ||| INVOKING Spit Poison.
  2897 | D:4      | You fall into a shaft and drop 3 floors!
  2936 | D:6      | 2936 ||| INVOKING Spit Poison.
  2942 | D:6      | 2942 ||| INVOKING Spit Poison.
  2948 | D:6      | 2948 ||| INVOKING Spit Poison.
  2948 | D:6      | HP: 5/57 [orc priest/divine providence (15)]
  2949 | D:6      | 2949 ||| READING scroll of teleportation.
  2949 | D:6      | HP: 1/57 [orc priest/+0 war axe (4)]
  2951 | D:6      | Slain by an orc priest

Levels and vault maps discovered:
D:1:      minmay_arrival_five_plusses, layout_basic, nrook_mini_backslash
D:2:      layout_basic, serial_shops, shop,
          shapermc_ecumenical_altar_mp_highgroup, lemuel_flame_loot_1
D:3:      layout_loops_ring, wad_floor_pattern_1, hellmonk_no_cap,
          uniq_crazy_yiuf_cottage
D:4:      cheibrodos_quashed, layout_basic, mainiacjoe_overflow_catwalk,
          mainiacjoe_overflow_alcove_3, temple_hall, serial_bayou_pond_e
D:6:      layout_basic, uniq_eustachio
D:7:      layout_layer_cave, mainiacjoe_overflow_alcove_4

Skill      XL: |  1  2  3  4  5  6 |
---------------+-------------------+-----
Ranged Weapons | 4 5 6 |  6.1
Fighting       | 3 4 |  4.1
Dodging        | |  1.5
Stealth        | |  1.5

Action                     |  1- 3 |  4- 6 || total
---------------------------+-------+-------++-------
   Fire: Shortbow          |    55 |       ||    55
         Orcbow            |     4 |   112 ||   116
Ability: Spit Poison       |    27 |    30 ||    57
    Use: Scroll            |     4 |     4 ||     8
         Potion            |       |     1 ||     1
 Armour: Leather armour    |     2 |    27 ||    29
  Dodge: Dodged            |     9 |    54 ||    63

Table legend:
 A = Non-vault XP
 B = Vault XP
 C = Vault XP percentage of total XP
 D = Non-vault monster count
 E = Vault monster count
 F = Vault count percentage of total count
                 A         B        C        D         E       F
            +---------+---------+-------+---------+---------+-------
      Total |     399 |     109 |  21.5 |      69 |       3 |   4.2
            +---------+---------+-------+---------+---------+-------
        D:1 |      34 |       0 |   0.0 |      19 |       0 |   0.0
        D:2 |      44 |       0 |   0.0 |      19 |       0 |   0.0
        D:3 |     184 |     109 |  37.2 |      23 |       3 |  11.5
        D:4 |     128 |       0 |   0.0 |       5 |       0 |   0.0
        D:6 |       9 |       0 |   0.0 |       3 |       0 |   0.0
            +---------+---------+-------+---------+---------+-------
